 Seeded DCSS version 0.31-a0-557-g6e16503903 (webtiles) character file.

Game seed: 16161720884980326079 (custom seed)

88 innerfire43 the Ruffian (level 4, -1/34 HPs)
             Began as a Gnoll Shapeshifter on Aug 16, 2023.
             Was a Believer of Vehumet.
             Slain by a goblin
             ... wielding a +0 dagger
             ... led by Robin
              (4 damage)
             ... on level 2 of the Dungeon.
             The game lasted 00:01:18 (944 turns).

innerfire43 the Ruffian (Gnoll Shapeshifter)         Turns: 944, Time: 00:01:19

Health: -1/34      AC:  2    Str: 16    XL:     4   Next: 54%
Magic:  5/5        EV: 13    Int:  7    God:    Vehumet [**....]
Gold:   71         SH:  0    Dex: 13    Spells: 4/5 levels left

rFire   . .          .
                       - Unarmed
rCold   . . .        (shield currently unavailable)
rNeg    . . .        a - +0 animal skin
rPois   .            (no helmet)
rElec   .            (no cloak)
rCorr   .            (no gloves)
SInv    .            (no boots)
Will    .....        i - amulet of faith
Stlth   +            (no ring)
HPRegen 0.25/turn    (no ring)
MPRegen 0.09/turn

%: faith
@: flux-form, glowing
A: glow, contaminating, fangs 1, strong nose, distributed training
a: Begin Untransformation, Renounce Religion


You were on level 2 of the Dungeon.
You worshipped Vehumet.
Vehumet was pleased with you.
You were something dangerously unstable.
You visited 1 branch of the dungeon, and saw 2 of its levels.

You collected 71 gold pieces.

Inventory:

Armour
 a - a +0 animal skin (worn)
Jewellery
 i - an amulet of faith (around neck)
 m - an amulet of guardian spirit
 n - an amulet of magic regeneration
Talismans
 c - a beast talisman
 d - a flux talisman (active)
Scrolls
 e - a scroll of brand weapon {unknown}
 g - 2 scrolls of silence {unknown}
 k - a scroll of fog {unknown}
Potions
 b - a potion of lignification
 f - a potion of heal wounds {unknown}
 h - a potion of haste {unknown}
 j - a potion of ambrosia {unknown}
 l - a potion of attraction {unknown}


   Skills:
 + Level 2.8 Fighting
 + Level 1.2 Short Blades
 + Level 1.2 Long Blades
 + Level 1.2 Axes
 + Level 1.2 Maces & Flails
 + Level 1.2 Polearms
 + Level 1.2 Staves
 + Level 1.2 Ranged Weapons
 + Level 1.2 Throwing
 + Level 1.2 Armour
 + Level 4.6 Dodging
 + Level 1.2 Stealth
 + Level 1.2 Shields
 + Level 6.6 Unarmed Combat
 + Level 1.2 Spellcasting
 + Level 1.0 Conjurations
 + Level 1.0 Hexes
 + Level 1.0 Summonings
 + Level 1.0 Necromancy
 + Level 1.0 Translocations
 + Level 1.0 Transmutations
 + Level 1.0 Fire Magic
 + Level 1.0 Ice Magic
 + Level 1.0 Air Magic
 + Level 1.0 Earth Magic
 + Level 1.0 Poison Magic
 + Level 1.3 Invocations
 + Level 1.2 Evocations
 + Level 6.5 Shapeshifting


You had 4 spell levels left.
You knew the following spells:

 Your Spells              Type           Power      Damage    Failure   Level
a - Freeze                Ice            4%         1d3       28%         1

Your spell library contained the following spells:

 Spells                   Type           Power      Damage    Failure   Level
 Foxfire                  Conj/Fire      4%         2x1d4     28%         1


Dungeon Overview and Level Annotations

Branches:
Dungeon (2/15)

Altars:
Vehumet

Annotations:
D:2 Robin


Innate Abilities, Weirdness & Mutations

You are something dangerously unstable.
You glow with magical radiation, making you easy to see and hit.
Foes you strike become dangerously contaminated with magical radiation.
You are incapable of wielding weapons or throwing items.
You have very sharp teeth.
Your uncanny sense of smell can sniff out nearby items.
Your experience applies equally to all skills.


Message History

The hobgoblin shudders as magic cascades through it!!
You kill the hobgoblin!
Vehumet accepts your kill.
Vehumet offers you knowledge of Foxfire.
The goblin misses you.
You hit the hobgoblin.
The hobgoblin begins to glow.
The hobgoblin is almost dead.
The goblin closely misses you.
Robin says, "Duck!"
The hobgoblin hits you.
* * * LOW HITPOINT WARNING * * *
Unknown command.
You hit the hobgoblin but do no damage.
The hobgoblin glows dangerously bright.
You bite the hobgoblin.
You kill the hobgoblin!
Vehumet accepts your kill. The goblin hits you but does no damage.
Unknown command.
You hit the goblin.
You kill the goblin!
Vehumet accepts your kill.
The goblin no longer looks unusually strong.
The goblin barely misses you.
Robin roars a battlecry!
The goblin goes into a battle-frenzy!
The goblin no longer looks unusually strong.
The goblin unwields a +0 club.
The goblin wields a +0 sling.
The goblin shoots a sling bullet.
The sling bullet hits you.
* * * LOW HITPOINT WARNING * * *
The goblin barely misses you.
Robin roars a battlecry!
The goblin goes into a battle-frenzy!
Items here: ))))) ††††††.
Unknown command.
The goblin unwields a +0 sling.
The goblin wields a +0 club.
The goblin hits you with a +0 club.
* * * LOW HITPOINT WARNING * * *
Unknown command.
You closely miss the goblin. The goblin hits you with a +0 dagger.
You die...

### ..# # #.# ##.
##'##### ....
#......# ..:..
#......#
.....g####......#
....ggggBg.>....#
...#######......#
## ###......# .#
#.(...#### .#
#.....# .#
#..†..# .#
#.....# .#
#.....# .#
####'##


You could see Robin, a hobgoblin (strong) and 4 goblins.

Vanquished Creatures
  Terence (D:2)
  2 adders (D:2)
  3 worms (D:2)
  A dart slug (D:1)
  An endoplasm (D:1)
  A giant cockroach (D:2)
  9 goblins (D:2)
  5 hobgoblins
  6 kobolds
  A quokka (D:1)
  A ball python (D:2)
  A frilled lizard (D:1)
  2 rats (D:2)
34 creatures vanquished.

Notes
Turn   | Place    | Note
-------+----------+-------------------------------------------
     0 | D:1      | innerfire43 the Gnoll Shapeshifter began the quest for the
                  | Orb.
     0 | D:1      | Reached XP level 1. HP: 17/17 MP: 1/1
   102 | D:1      | Found a faded altar of an unknown god.
   120 | D:1      | Reached XP level 2. HP: 20/23 MP: 2/2
   132 | D:1      | Prayed at the altar of an unknown god.
   132 | D:1      | Became a worshipper of Vehumet
   132 | D:1      | Reached * piety under Vehumet
   132 | D:1      | Offered knowledge of Freeze by Vehumet.
   184 | D:1      | Learned a level 1 spell: Freeze
   576 | D:2      | Noticed Terence
   586 | D:2      | Killed Terence
   587 | D:2      | Reached skill level 1 in Invocations
   587 | D:2      | Reached XP level 3. HP: 28/28 MP: 2/4
   712 | D:2      | Reached skill level 1 in Short Blades
   712 | D:2      | Reached skill level 1 in Long Blades
   712 | D:2      | Reached skill level 1 in Axes
   712 | D:2      | Reached skill level 1 in Maces & Flails
   712 | D:2      | Reached skill level 1 in Polearms
   712 | D:2      | Reached skill level 1 in Staves
   712 | D:2      | Reached skill level 1 in Ranged Weapons
   712 | D:2      | Reached skill level 1 in Throwing
   712 | D:2      | Reached skill level 1 in Armour
   712 | D:2      | Reached skill level 1 in Stealth
   712 | D:2      | Reached skill level 1 in Shields
   712 | D:2      | Reached skill level 1 in Spellcasting
   712 | D:2      | Reached skill level 1 in Evocations
   817 | D:2      | Reached XP level 4. HP: 34/34 MP: 5/5
   923 | D:2      | Identified the +2 helmet "Paunutas" {rC- Will++ Dex+4 SInv}
   923 | D:2      | Noticed Robin
   932 | D:2      | Reached ** piety under Vehumet
   933 | D:2      | Reached skill level 1 in Conjurations
   933 | D:2      | Reached skill level 1 in Hexes
   933 | D:2      | Reached skill level 1 in Summonings
   933 | D:2      | Reached skill level 1 in Necromancy
   933 | D:2      | Reached skill level 1 in Translocations
   933 | D:2      | Reached skill level 1 in Transmutations
   933 | D:2      | Reached skill level 1 in Fire Magic
   933 | D:2      | Reached skill level 1 in Ice Magic
   933 | D:2      | Reached skill level 1 in Air Magic
   933 | D:2      | Reached skill level 1 in Earth Magic
   933 | D:2      | Reached skill level 1 in Poison Magic
   938 | D:2      | Offered knowledge of Foxfire by Vehumet.
   944 | D:2      | Slain by a goblin

Illustrated notes

Levels and vault maps discovered:
D:1:      nzn_arrival_settlement, layout_rooms,
          shapermc_ecumenical_altar_starsandcircs
D:2:      layout_basic, feat_on_display, uniq_jessica, uniq_robin,
          uniq_crazy_yiuf_cottage, uniq_terence

Skill      XL: |  1  2  3  4 |
---------------+-------------+-----
Invocations    | 1 |  1.3
Short Blades   | 1 |  1.2
Long Blades    | 1 |  1.2
Axes           | 1 |  1.2
Maces & Flails | 1 |  1.2
Polearms       | 1 |  1.2
Staves         | 1 |  1.2
Ranged Weapons | 1 |  1.2
Throwing       | 1 |  1.2
Armour         | 1 |  1.2
Stealth        | 1 |  1.2
Shields        | 1 |  1.2
Spellcasting   | 1 |  1.2
Evocations     | 1 |  1.2
Conjurations   | 1 |  1.0
Hexes          | 1 |  1.0
Summonings     | 1 |  1.0
Necromancy     | 1 |  1.0
Translocations | 1 |  1.0
Transmutations | 1 |  1.0
Fire Magic     | 1 |  1.0
Ice Magic      | 1 |  1.0
Air Magic      | 1 |  1.0
Earth Magic    | 1 |  1.0
Poison Magic   | 1 |  1.0
Fighting       | |  2.8
Dodging        | |  4.6
Unarmed Combat | |  6.6
Shapeshifting  | |  6.5

Action                     |  1- 3 |  4- 6 || total
---------------------------+-------+-------++-------
  Melee: Unarmed           |    66 |    33 ||    99
         Bite              |    10 |     4 ||    14
 Armour: Animal skin       |     6 |     4 ||    10
  Dodge: Dodged            |    29 |    18 ||    47
   Form: Flux              |     1 |       ||     1

Table legend: (Time is in decaauts)
 A = Elapsed time spent in this place.
 B = Non-inter-level travel time spent in this place.
 C = Inter-level travel time spent in this place.
 D = Time resting spent in this place.
 E = Time spent auto-exploring this place.
 F = Levels seen in this place.
 G = Mean time per level.
                   A        B        C        D        E       F      G
               +--------+--------+--------+--------+--------+-----+--------+
         Total |    931 |    909 |     22 |      0 |    699 |   2 |  465.5 |
       Dungeon |    931 |    909 |     22 |      0 |    699 |   2 |  465.5 |
               +--------+--------+--------+--------+--------+-----+--------+

Top non-repeatable levels by time:
     D:1: 528 daAuts
     D:2: 403 daAuts
